 Dungeon Crawl Stone Soup version 0.23-a0-38-g6d804a8 (webtiles) character file.

620 Amnesiac the Ducker (level 7, -7/53 HPs)
             Began as a Mummy Conjurer on Aug 5, 2018.
             Mangled by Prince Ribbit (9 damage)
             ... on level 4 of the Dungeon.
             The game lasted 00:07:09 (3789 turns).

Amnesiac the Ducker (Mummy Conjurer)                Turns: 3789, Time: 00:07:09

Health: -7/53      AC:  3    Str: 11    XL:     7   Next: 22%
Magic:  4/31       EV: 14    Int: 16    God:
Gold:   228        SH:  0    Dex: 13    Spells: 7/14 levels left

rFire    x . .     SeeInvis .   f - +3 mace (distort)
rCold    + + +     Gourm    .   (no shield)
rNeg     + + +     Faith    .   p - +0 robe {MR+}
rPois    ∞         Spirit   .   k - +0 helmet of the Soldier {rC++ Slay+5}
rElec    .         Reflect  .   (no cloak)
rCorr    .         Harm     .   (no gloves)
MR       +....                  (no boots)
Stlth    ++........             j - amulet of the acrobat
HPRegen  0.17/turn              c - ring of magical power
MPRegen  0.22/turn              a - ring of magical power

@: no status effects
A: no food or potions, fire vulnerability, cold resistance 1, negative energy
resistance 3, torment resistance, unbreathing
a: no special abilities


You were on level 4 of the Dungeon.
You were not hungry.

You visited 1 branch of the dungeon, and saw 5 of its levels.

You collected 228 gold pieces.

Inventory:

Hand Weapons
 f - a +3 mace of distortion (weapon)
 g - a cursed -2 short sword
 l - a +0 dagger of freezing
 n - a +1 short sword of flaming
Armour
 k - the +0 helmet of the Soldier (worn) {rC++ Slay+5}
   (You took it off Robin on level 3 of the Dungeon)

   It affects your accuracy and damage with ranged weapons and melee attacks
   (+5).
   It greatly protects you from cold.
 p - a +0 robe of magic resistance (worn)
Jewellery
 a - a ring of magical power (right hand)
 c - a ring of magical power (left hand)
 j - an amulet of the acrobat (around neck)
 m - an uncursed ring of flight
 o - an uncursed ring of teleportation
Wands
 b - a wand of random effects (37)
 e - a wand of flame (25)
Scrolls
 d - a scroll of identify {!r}
 h - 2 scrolls of teleportation {!r}


   Skills:
 + Level 3.7 Fighting
 * Level 4.9 Dodging
 - Level 1.5 Stealth
 - Level 4.0 Spellcasting
 - Level 4.0 Conjurations


You had 7 spell levels left.
You knew the following spells:

 Your Spells              Type           Power        Failure   Level  Hunger
a - Magic Dart            Conj           ###.         3%          1    N/A
b - Iskenderun's Mystic   Conj           ###.....     32%         4    N/A
d - Searing Ray           Conj           ###...       4%          2    N/A

Your spell library contained the following spells:

 Spells                   Type           Power        Failure   Level  Hunger
 Fulminant Prism          Conj/Hex       #.........   58%         4    N/A
 Dazzling Spray           Conj/Hex       #.....       22%         3    N/A
 Force Lance              Conj/Tloc      #.......     58%         4    N/A

Dungeon Overview and Level Annotations

Branches:
Dungeon (5/15)
 Temple: D:4-7

Altars:

Shops:
D:4 %

Annotations:
D:4 Prince Ribbit


Innate Abilities, Weirdness & Mutations

You do not eat or drink.
Your flesh is vulnerable to fire.
You are immune to poison.
Your flesh is cold resistant. (rC+)
You are immune to negative energy. (rN+++)
You are immune to unholy pain and torment.
You can survive without breathing.


Message History

Prince Ribbit is heavily wounded.
Prince Ribbit hits you but does no damage.
Prince Ribbit barely misses you.
Unknown command.
Casting: Magic Dart (safe; 3% risk of failure)
Confirm with . or Enter, or press ? or * to list all spells.
Aiming: Magic Dart (safe; 3% risk of failure)
Press: ? - help, Shift-Dir - straight line, f/p - Prince Ribbit
Aim: Prince Ribbit (moderately wounded)
The magic dart hits Prince Ribbit.
Prince Ribbit is heavily wounded.
Prince Ribbit hits you.
* * * LOW HITPOINT WARNING * * *
Unknown command.
Casting: Magic Dart (safe; 3% risk of failure)
Confirm with . or Enter, or press ? or * to list all spells.
Aiming: Magic Dart (safe; 3% risk of failure)
Press: ? - help, Shift-Dir - straight line, f/p - Prince Ribbit
Aim: Prince Ribbit (heavily wounded)
The magic dart hits Prince Ribbit.
Prince Ribbit is heavily wounded.
Prince Ribbit barely misses you.
Unknown command.
Casting: Magic Dart (safe; 3% risk of failure)
Confirm with . or Enter, or press ? or * to list all spells.
Aiming: Magic Dart (safe; 3% risk of failure)
Press: ? - help, Shift-Dir - straight line, f/p - Prince Ribbit
Aim: Prince Ribbit (heavily wounded)
The magic dart hits Prince Ribbit.
Prince Ribbit is severely wounded.
Prince Ribbit hits you!
* * * LOW HITPOINT WARNING * * *
Prince Ribbit closely misses you.
Unknown command.
Casting: Magic Dart (safe; 3% risk of failure)
Confirm with . or Enter, or press ? or * to list all spells.
Aiming: Magic Dart (safe; 3% risk of failure)
Press: ? - help, Shift-Dir - straight line, f/p - Prince Ribbit
Aim: Prince Ribbit (severely wounded)
The magic dart hits Prince Ribbit.
Prince Ribbit is severely wounded.
Prince Ribbit mumbles some strange words.
Prince Ribbit looks slightly unstable.
Unknown command.
Unknown command.
Evoke which item? (* to show all) (? for menu, Esc to quit)
Okay, then.
Casting: Magic Dart (safe; 3% risk of failure)
Confirm with . or Enter, or press ? or * to list all spells.
Okay, then.
Casting: Magic Dart (safe; 3% risk of failure)
Confirm with . or Enter, or press ? or * to list all spells.
Okay, then.
Casting: Magic Dart (safe; 3% risk of failure)
Confirm with . or Enter, or press ? or * to list all spells.
Okay, then.
Casting: Magic Dart (safe; 3% risk of failure)
Confirm with . or Enter, or press ? or * to list all spells.
Aiming: Iskenderun's Mystic Blast (quite dangerous; 32% risk of failure)
Press: ? - help, Shift-Dir - straight line, f/p - Prince Ribbit
Aim: Prince Ribbit (severely wounded)
The orb of energy misses Prince Ribbit.
The orb of energy explodes!
Prince Ribbit blinks!
Prince Ribbit hits you!
You die...

#....#....#........
#....#....#..⌠.⌠...
#....##...#...∩....
#######...##.⌠.⌠###
#....##...#########
#......[...........
#..................
#F.................
#[@§...............
#..................
###################


You could see Prince Ribbit.

Vanquished Creatures
  An ogre (D:4)
  2 crimson imps
  A hound (D:3)
  5 orc wizards (D:4)
  A worker ant (D:4)
  Robin (D:3)
  11 gnolls
  5 adders
  An ooze (D:3)
  5 worms
  2 dart slugs
  3 leopard geckos
  12 orcs
  3 ball pythons
  A giant cockroach (D:4)
  15 goblins
  11 hobgoblins
  3 jackals
  A quokka (D:4)
  6 bats
  3 frilled lizards
  13 kobolds
  10 rats
116 creatures vanquished.

Notes
Turn   | Place    | Note
-------+----------+-------------------------------------------
     0 | D:1      | Amnesiac the Mummy Conjurer began the quest for the Orb.
     0 | D:1      | Reached XP level 1. HP: 13/13 MP: 4/4
   290 | D:1      | Reached XP level 2. HP: 20/20 MP: 3/5
   506 | D:1      | Reached skill level 1 in Fighting
   938 | D:2      | Reached XP level 3. HP: 21/26 MP: 7/7
   942 | D:2      | Learned a level 2 spell: Searing Ray
  1488 | D:2      | Reached XP level 4. HP: 32/32 MP: 8/8
  1517 | D:2      | Learned a level 4 spell: Iskenderun's Mystic Blast
  1927 | D:3      | Reached XP level 5. HP: 38/38 MP: 0/9
  2277 | D:3      | Noticed Robin
  2333 | D:3      | Killed Robin
  2335 | D:3      | Got a faintly humming helmet
  2341 | D:3      | Identified the +0 helmet of the Soldier {rC++ Slay+5} (You took it off Robin on level 3 of the Dungeon)
  2771 | D:3      | Reached XP level 6. HP: 46/46 MP: 10/10
  3496 | D:4      | Reached XP level 7. HP: 52/52 MP: 12/12
  3540 | D:4      | Found Jiuchao's Food Boutique.
  3764 | D:5      | Entered Level 5 of the Dungeon
  3769 | D:5      | Noticed Prince Ribbit
  3787 | D:4      | HP: 1/53 [Prince Ribbit (17)]
  3789 | D:4      | Mangled by Prince Ribbit

Vault maps used:
D:1:      sevenhm_arrival_forest_fort_large_4, minmay_quantized
D:2:      kennysheep_six_static_rooms, minmay_misc_feat_pillars
D:3:      uniq_robin
D:4:      first_ration, serial_shops, shop_fountains
D:5:      serial_co_window_serial, co_window_paths_b, co_window_paths_b,
          co_window_corner_a, co_window_paths_b, co_window_corner_a,
          co_window_of_opportunity_a, co_window_of_opportunity_a,
          co_window_corner_b, co_window_broadway_a, co_window_of_opportunity_c,
          co_window_cross_2, co_window_corner_ca, co_window_corner_b,
          co_window_unsneaky_path_e, uniq_prince_ribbit1

Skill      XL: |  1  2  3  4  5  6  7 |
---------------+----------------------+-----
Dodging        | 2 3 4 |  4.9
Fighting       | 1 2 3 |  3.7
Conjurations   | 4 |  4.0
Spellcasting   | 3 4 |  4.0
Stealth        | |  1.5

Action                   |  1- 3 |  4- 6 |  7- 9 || total
-------------------------+-------+-------+-------++-------
Melee: Club              |     3 |       |       ||     3
       Mace              |       |     5 |       ||     5
 Cast: Magic Dart        |    83 |   139 |    42 ||   264
       Searing Ray       |     4 |    24 |     2 ||    30
       Iskenderun's Myst |       |       |     1 ||     1
  Use: Scroll            |       |     8 |       ||     8
Armor: Robe              |     1 |     6 |     6 ||    13
Dodge: Dodged            |    16 |    31 |    17 ||    64

Table legend:
 A = Spawn XP
 B = Non-spawn XP
 C = Spawn XP percentage of total XP
 D = Spawn monster count
 E = Non-spawn monster count
 F = Spawn count percentage of total count
 G = Total turns spent on level
                    A         B        C        D         E        F      G
               +---------+---------+-------+---------+---------+-------+---------
         Total |       0 |     886 |   0.0 |       0 |     116 |   0.0 |  3789
               +---------+---------+-------+---------+---------+-------+---------
           D:1 |       0 |      54 |   0.0 |       0 |      23 |   0.0 |  1120
           D:2 |       0 |     116 |   0.0 |       0 |      28 |   0.0 |   775
           D:3 |       0 |     218 |   0.0 |       0 |      37 |   0.0 |   952
           D:4 |       0 |     489 |   0.0 |       0 |      25 |   0.0 |   928
           D:5 |       0 |       9 |   0.0 |       0 |       3 |   0.0 |    14
               +---------+---------+-------+---------+---------+-------+---------
